[Event "Titled Tuesday Blitz February 22 Early 2022"]
[White "Freitag, Manfred"]
[Black "Cramling Bellon, Anna"]
[WhiteFideId "1602004"]
[BlackFideId "32009232"]
[WhiteElo "2275"]
[BlackElo "1905"]
[Result "1-0"]
[Round "01"]
[TimeControl "180+1"]
[Date "2022.02.22"]
[WhiteClock "0:00:55"]
[BlackClock "0:00:03"]

1. e4 c5 2. Nf3 e6 3. d4 cxd4 4. Nxd4 Nc6 5. Nc3 Bb4 6. a3 Bxc3+ 7. bxc3 Nf6 8. Nb5 O-O 9. Nd6 Qa5 10. Qd2 b6 11. c4 Ba6 12. Be2 Qe5 13. Rb1 Nxe4 14. Nxe4 Qxe4 15. O-O Bxc4 16. Bf3 Qg6 17. Re1 d5 18. Bb2 Rac8 19. h4 h6 20. Re3 d4 21. Re4 Rfd8 22. Rbe1 f5 23. Rxd4 Nxd4 24. Bxd4 Bd5 25. Bxd5 Rxd5 26. c3 Rcd8 27. Qe3 Re8 28. f4 Qg4 29. g3 Rdd8 30. Kg2 Qg6 31. Rh1 Qf7 32. h5 Qb7+ 33. Kh2 e5 34. fxe5 Qe4 35. Qxe4 fxe4 36. Re1 Re6 37. Rxe4 Kf7 38. g4 Ke7 39. Kg3 Rf8 40. Re1 Kd7 41. a4 Kc6 42. Rb1 Kd5 43. a5 bxa5 44. Rb5+ Kc4 45. Rxa5 Rb8 46. Rxa7 Rb2 47. Rxg7 Rc2 48. Rg6 1-0


[Site "https://www.chess.com"]

[Event "Titled Tuesday Blitz February 22 Early 2022"]
[White "Gabdrakhmanov, Azat"]
[Black "Clawitter, Craig"]
[WhiteFideId "34189197"]
[BlackFideId "2023105"]
[WhiteElo "2279"]
[BlackElo "2228"]
[Result "1-0"]
[Round "01"]
[TimeControl "180+1"]
[Date "2022.02.22"]
[WhiteClock "0:00:53"]
[BlackClock "0:00:06"]

1. e4 e6 2. d3 d5 3. Nd2 Nf6 4. Ngf3 Bc5 5. d4 Be7 6. e5 Nfd7 7. c3 c5 8. Bd3 Nc6 9. O-O a5 10. c4 cxd4 11. cxd5 Ncxe5 12. Nxe5 Nxe5 13. Bb5+ Bd7 14. Bxd7+ Qxd7 15. dxe6 fxe6 16. Re1 Nd3 17. Re4 O-O 18. Nf3 Nxc1 19. Rxd4 Qb5 20. Rxc1 Qxb2 21. Rc7 Bf6 22. Rdd7 Rad8 23. g4 Qa1 24. Qxa1 Bxa1 25. Rxd8 Rxd8 26. Rxb7 h6 27. Rb5 Bc3 28. Rb6 Kf7 29. Kg2 Kf6 30. h4 g5 31. h5 Bb4 32. Rb7 Rc8 33. Rh7 Rc2 34. Rxh6+ Ke7 35. Nxg5 Rxa2 36. Rxe6+ Kd7 37. Re4 Bc5 38. h6 Rxf2+ 39. Kg3 Rf6 40. h7 Rh6 41. Re2 Be7 42. Kf4 Bxg5+ 43. Kxg5 Rxh7 44. Ra2 Rg7+ 45. Kf5 Ke7 46. Rxa5 Kf8 47. Ra8+ Kf7 48. Ra7+ Kg8 49. Rxg7+ Kxg7 50. Kg5 Kh7 51. Kf6 Kg8 1-0


[Site "https://www.chess.com"]

[Event "Titled Tuesday Blitz February 22 Early 2022"]
[White "Gaehwiler, Gabriel"]
[Black "Jain, Naveen"]
[WhiteFideId "1314530"]
[BlackFideId "5003970"]
[WhiteElo "2383"]
[BlackElo "2036"]
[Result "1-0"]
[Round "01"]
[TimeControl "180+1"]
[Date "2022.02.22"]
[WhiteClock "0:00:27"]
[BlackClock "0:00:15"]

1. Nf3 Nf6 2. c4 g6 3. b3 Bg7 4. Bb2 O-O 5. g3 d6 6. d4 Nc6 7. d5 Nb8 8. Bg2 Nbd7 9. O-O c6 10. dxc6 bxc6 11. Nd4 Nb8 12. Nxc6 Nxc6 13. Bxc6 Bh3 14. Bg2 Bxg2 15. Kxg2 Qb6 16. Nd2 a5 17. Qc2 a4 18. Bc3 axb3 19. axb3 Rxa1 20. Bxa1 Ra8 21. Bc3 d5 22. Bxf6 Bxf6 23. cxd5 Qd4 24. Rd1 Qxd5+ 25. Nf3 Qb7 26. Qc4 Kg7 27. b4 Ra4 28. Rb1 h5 29. e4 e6 30. Qb3 Qb5 31. Nd2 Be7 32. Qc3+ Kg8 33. Qc4 Qxc4 34. Nxc4 Rxb4 35. Rxb4 Bxb4 36. f4 Kf8 37. Kf3 Ke7 38. Ne5 Bd6 39. Nd3 Ba3 40. Ke2 Bd6 41. Ke3 f6 42. Kd4 Kd7 43. e5 fxe5+ 44. fxe5 Bb8 45. Nf4 Ba7+ 46. Ke4 g5 47. Nxh5 Bg1 48. Nf6+ Ke7 49. Ng4 Kf7 50. h3 Kg6 51. Ne3 Kh5 52. Nc2 Bc5 53. Nd4 g4 54. h4 Be7 55. Nxe6 Bb4 56. Nf4+ Kh6 57. Kf5 Be1 58. Kxg4 Bc3 59. e6 Bf6 60. Nd5 1-0


[Site "https://www.chess.com"]

[Event "Titled Tuesday Blitz February 22 Early 2022"]
[White "Galchenko, Matvey"]
[Black "Estrada Nieto, Julian"]
[WhiteFideId "24175480"]
[BlackFideId "5101018"]
[WhiteElo "2453"]
[BlackElo "2246"]
[Result "1-0"]
[Round "01"]
[TimeControl "180+1"]
[Date "2022.02.22"]
[WhiteClock "0:01:11"]
[BlackClock "0:00:51"]

1. f4 d5 2. Nf3 g6 3. g3 Bg7 4. Bg2 Nf6 5. O-O O-O 6. d3 d4 7. c3 c5 8. e4 dxe3 9. Bxe3 Qd6 10. Na3 a6 11. Nc4 Qc7 12. Nfe5 Nbd7 13. a4 Rb8 14. a5 b5 15. axb6 Nxb6 16. Qe2 Nxc4 17. Nxc4 Bb7 18. Bxb7 Qxb7 19. Bxc5 Nd5 20. Rfe1 Rfc8 21. d4 Bf6 22. Ra3 h5 23. b4 Qb5 24. Ne5 Qxe2 25. Rxe2 Ra8 26. Nd7 Bg7 27. c4 Rxc5 28. bxc5 Bxd4+ 29. Kg2 Nb4 30. Rxe7 Nc6 31. Re4 Rd8 32. Rxa6 Rxd7 33. Rxc6 Bc3 34. Rd6 Rc7 35. c6 Bb4 36. Rd8+ Kg7 37. c5 Bxc5 38. Rc4 Be7 39. Rd7 1-0


[Site "https://www.chess.com"]

[Event "Titled Tuesday Blitz February 22 Early 2022"]
[White "Galyas, Miklos"]
[Black "Sahin, Handenur"]
[WhiteFideId "707244"]
[BlackFideId "6334865"]
[WhiteElo "2409"]
[BlackElo "2091"]
[Result "0-1"]
[Round "01"]
[TimeControl "180+1"]
[Date "2022.02.22"]
[WhiteClock "0:00:01"]
[BlackClock "0:00:06"]

1. c4 e5 2. Nc3 Bb4 3. e4 Nf6 4. g3 O-O 5. Nge2 c6 6. Bg2 d6 7. O-O Be6 8. d3 d5 9. exd5 cxd5 10. d4 Bxc3 11. bxc3 Nc6 12. Bg5 e4 13. Nf4 Ne7 14. cxd5 Nexd5 15. Nxe6 fxe6 16. Rc1 h6 17. Bd2 Qe7 18. c4 Nb4 19. Qb3 Nc6 20. d5 exd5 21. cxd5 Nd4 22. Qc4 Nf3+ 23. Bxf3 exf3 24. d6+ Qf7 25. Bb4 Qxc4 26. Rxc4 Rad8 27. Rc7 Ne4 28. Rxb7 Nxd6 29. Rxa7 Nb5 30. Rb7 Rf5 31. h3 Nd4 32. a4 Ne2+ 33. Kh2 Rd4 34. a5 Rf7 35. a6 Rxb7 36. axb7 Rxb4 37. Rd1 Rxb7 38. Rd3 Rf7 39. Re3 Kh7 40. h4 Kg6 41. Kh3 h5 42. Kh2 Nd4 43. Kh3 Nf5 44. Re4 Nh6 45. Re6+ Rf6 46. Re1 Ng4 47. Rf1 Ne5 48. Kh2 Nd3 0-1


[Site "https://www.chess.com"]

[Event "Titled Tuesday Blitz February 22 Early 2022"]
[White "Garagulya, Konstantin"]
[Black "Fedoseev, Vladimir"]
[WhiteFideId "4128931"]
[BlackFideId "24130737"]
[WhiteElo "2329"]
[BlackElo "2726"]
[Result "0-1"]
[Round "01"]
[TimeControl "180+1"]
[Date "2022.02.22"]
[WhiteClock "0:00:18"]
[BlackClock "0:01:11"]

1. d4 Nf6 2. Nf3 e6 3. Bg5 h6 4. Bh4 d6 5. Nbd2 g5 6. Bg3 Nh5 7. e4 Bg7 8. c3 Nc6 9. Bd3 Nxg3 10. hxg3 g4 11. Nh2 h5 12. Nhf1 Qg5 13. Ne3 Bd7 14. Qe2 O-O-O 15. O-O-O f5 16. exf5 exf5 17. Nd5 Rde8 18. Qf1 h4 19. gxh4 Rxh4 20. Rxh4 Qxh4 21. g3 Qg5 22. Qg2 Nd8 23. Nf4 Bh6 24. Kc2 Qg7 25. Rh1 Bg5 26. Rh5 Bxf4 27. gxf4 Qf7 28. Qh2 Qxa2 29. Bxf5 Qa4+ 30. Kd3 Qb5+ 0-1


[Site "https://www.chess.com"]

[Event "Titled Tuesday Blitz February 22 Early 2022"]
[White "Garv Gaur"]
[Black "Mekhitarian, Krikor Sevag"]
[WhiteFideId "45030839"]
[BlackFideId "2107660"]
[WhiteElo "1950"]
[BlackElo "2598"]
[Result "0-1"]
[Round "01"]
[TimeControl "180+1"]
[Date "2022.02.22"]
[WhiteClock "0:00:13"]
[BlackClock "0:00:07"]

1. d4 Nf6 2. Nf3 g6 3. c4 Bg7 4. g3 d5 5. cxd5 Nxd5 6. Bg2 Nb6 7. O-O Nc6 8. e3 e5 9. Nxe5 Nxe5 10. dxe5 Qxd1 11. Rxd1 Bxe5 12. Nc3 c6 13. e4 O-O 14. Be3 Be6 15. Bd4 Bxd4 16. Rxd4 Rfd8 17. Rad1 Rxd4 18. Rxd4 Kf8 19. Kf1 Ke7 20. Ke2 a5 21. b3 Nd7 22. h3 f6 23. f4 Nc5 24. g4 Bf7 25. Na4 Ne6 26. Rd1 Nxf4+ 27. Kf3 Nxg2 28. Kxg2 Rd8 29. Rxd8 Kxd8 30. Kf3 Kc7 31. Ke3 b6 32. Kf4 Be6 33. e5 fxe5+ 34. Kxe5 Bd7 35. Nb2 h5 36. gxh5 gxh5 37. h4 c5 38. Nc4 Kc6 39. a4 Bg4 40. Nd2 Bd1 41. Ke6 c4 42. bxc4 Bxa4 43. Kf5 Bd1 44. Ke4 Kc5 45. Kd3 Kb4 46. Ne4 Bb3 47. Nc3 Bxc4+ 48. Kc2 a4 49. Nd1 a3 50. Kb1 Bb3 51. Nf2 Bd5 52. Nd3+ Kc3 53. Nf4 Bf7 54. Ne2+ Kc4 55. Ng3 b5 56. Ka1 b4 57. Nf5 Kc3 58. Nd6 Bd5 59. Nb5+ Kc4 60. Nd6+ Kc5 61. Nf5 b3 62. Ng3 Bf7 63. Ne2 Kc4 64. Nf4 Kb4 65. Nd3+ Kc3 66. Ne5 b2+ 67. Kb1 Be6 68. Nc4 Bf5+ 69. Ka2 b1=Q+ 70. Kxa3 Qb3# 0-1


[Site "https://www.chess.com"]

[Event "Titled Tuesday Blitz February 22 Early 2022"]
[White "Gelman, Alexander"]
[Black "Fathy, Elameir"]
[WhiteFideId "4118316"]
[BlackFideId "10600396"]
[WhiteElo "2375"]
[BlackElo "2311"]
[Result "0-1"]
[Round "01"]
[TimeControl "180+1"]
[Date "2022.02.22"]
[WhiteClock "0:00:01"]
[BlackClock "0:00:03"]

1. d4 d5 2. Nc3 Nf6 3. Bf4 e6 4. Nb5 Na6 5. e3 c6 6. Nc3 Nc7 7. Nf3 Bd6 8. Ne5 a6 9. Bd3 Nb5 10. Ne2 c5 11. c3 O-O 12. Ng3 c4 13. Bc2 Bxe5 14. dxe5 Nd7 15. Qg4 f5 16. exf6 Nxf6 17. Qh4 Nd6 18. O-O-O Qe7 19. Bg5 h6 20. Bxf6 Qxf6 21. Qh5 Bd7 22. Rd4 Be8 23. Qg4 Rd8 24. f4 Nf5 25. Nxf5 exf5 26. Qf3 Bf7 27. g4 fxg4 28. Qxg4 Rfe8 29. Qg3 Qe6 30. Re1 Qf6 31. Kb1 Be6 32. Red1 Bf5 33. e4 dxe4 34. Qe3 Rxd4 35. Rxd4 Rd8 36. Rxc4 Qh4 37. a4 Qf6 38. Rc7 Re8 39. Rxb7 Qc6 40. Qa7 Qf6 41. Qe3 Qh4 42. b4 a5 43. b5 Qxh2 44. Qd4 Qh1+ 45. Kb2 Qg2 46. Qd5+ Kh8 47. Qxf5 e3 48. Qf7 Rg8 0-1


[Site "https://www.chess.com"]

[Event "Titled Tuesday Blitz February 22 Early 2022"]
[White "Golsta, Madara"]
[Black "Petesch, Gabriel"]
[WhiteFideId "11607386"]
[BlackFideId "2032465"]
[WhiteElo "1997"]
[BlackElo "2374"]
[Result "1-0"]
[Round "01"]
[TimeControl "180+1"]
[Date "2022.02.22"]
[WhiteClock "0:00:03"]
[BlackClock "0:00:01"]

1. e4 e6 2. d4 d5 3. Nc3 dxe4 4. Nxe4 Nf6 5. Bg5 Be7 6. Bxf6 Bxf6 7. c3 b6 8. Nf3 Bb7 9. Bd3 O-O 10. Qd2 Nd7 11. O-O-O Re8 12. Kb1 Qe7 13. g4 g6 14. h4 Rad8 15. h5 c5 16. hxg6 fxg6 17. g5 Bg7 18. Rh3 Nf8 19. Rdh1 e5 20. Bc4+ Bd5 21. Bxd5+ Rxd5 22. c4 exd4 23. Nf6+ Bxf6 24. gxf6 Qe4+ 25. Ka1 Rdd8 26. f7+ Kh8 27. fxe8=Q Qxe8 28. Ng5 Rd7 29. Qd3 Re7 30. a3 Kg8 31. Qg3 Qd7 32. Qb8 Re8 33. Qf4 Qg7 34. Ka2 h5 35. Rg3 Qe7 36. Rhg1 Kg7 37. Nf3 Qf7 38. Qxf7+ Kxf7 39. Nh4 Re6 40. Rf3+ Kg7 41. Rfg3 Kf7 42. Nf3 Rd6 43. Ng5+ Kg7 44. Ne4 Re6 45. f3 a6 46. Rg5 Rc6 47. Rxh5 Kf7 48. Rh8 Kg7 49. Rh2 b5 50. Rgh1 bxc4 51. Nd2 c3 52. Nc4 cxb2 53. Kb3 Re6 54. Kxb2 d3 55. Kc3 Rf6 56. Kxd3 Rxf3+ 57. Ne3 c4+ 58. Ke4 Rf7 59. Rf1 Re7+ 60. Kd4 c3 61. Rc2 Ne6+ 62. Kd3 Nc5+ 63. Ke2 Ne4 64. Rg1 Kf6 65. Nd5+ Ke6 66. Nxe7 Kxe7 67. Ke3 1-0


[Site "https://www.chess.com"]

[Event "Titled Tuesday Blitz February 22 Early 2022"]
[White "Goltseva, Ekaterina"]
[Black "Caetano, Ryan Wesley Da Costa"]
[WhiteFideId "24173770"]
[BlackFideId "2188554"]
[WhiteElo "2140"]
[BlackElo "2026"]
[Result "1-0"]
[Round "01"]
[TimeControl "180+1"]
[Date "2022.02.22"]
[WhiteClock "0:00:10"]
[BlackClock "0:00:02"]

1. d4 Nf6 2. c4 g6 3. Nc3 Bg7 4. e4 d6 5. Nge2 O-O 6. Ng3 c5 7. d5 e6 8. Be2 exd5 9. cxd5 a6 10. a4 Qa5 11. O-O b5 12. Bf4 b4 13. Nb1 Qc7 14. Nd2 Re8 15. Qc2 Nbd7 16. Nc4 Bf8 17. a5 Bb7 18. h4 Ne5 19. Bxe5 dxe5 20. h5 Rad8 21. Rad1 Bd6 22. Qc1 Qe7 23. Qh6 Bc8 24. f3 Qf8 25. Qg5 Qe7 26. Qe3 Qc7 27. Kf2 Bd7 28. Rh1 Bf8 29. Qg5 Bg7 30. Qh4 Bb5 31. Ra1 Qe7 32. b3 Rd7 33. Ne3 Bxe2 34. Kxe2 Qd6 35. Qg5 h6 36. Qh4 g5 37. Qh3 Bf8 38. Ngf5 Qc7 39. Nc4 Red8 40. Qg3 Ne8 41. Rhf1 f6 42. Nb6 Rf7 43. Rac1 Nd6 44. Nxd6 Bxd6 45. Rc4 Qb7 46. Rfc1 Rc7 47. Qf2 Rb8 48. Qe3 Rf7 49. g3 Rc7 50. Rf1 Re8 51. Rcc1 Kg7 52. Nc4 Bf8 53. Rg1 Qb5 54. Rcf1 Rd7 55. f4 exf4 56. gxf4 Rde7 57. e5 Qb7 58. d6 Re6 59. Qd3 Qb5 60. Kd2 Rd8 61. Kc2 fxe5 62. fxe5 Rd7 63. Rf6 Rxf6 64. exf6+ Kf7 65. Qg6+ Ke6 66. Re1+ Kd5 67. Qe4# 1-0


[Site "https://www.chess.com"]

[Event "Titled Tuesday Blitz February 22 Early 2022"]
[White "Gormally, Daniel W"]
[Black "Golizadeh, Asghar"]
[WhiteFideId "406465"]
[BlackFideId "12505269"]
[WhiteElo "2543"]
[BlackElo "2403"]
[Result "1-0"]
[Round "01"]
[TimeControl "180+1"]
[Date "2022.02.22"]
[WhiteClock "0:01:39"]
[BlackClock "0:01:57"]

1. d4 Nf6 2. Nf3 g6 3. Nc3 d5 4. Bf4 Bg7 5. e3 O-O 6. Be2 c5 7. O-O Nc6 8. Ne5 Bf5 9. Nxc6 bxc6 10. Na4 cxd4 11. exd4 Ne4 12. c3 g5 13. Be3 e6 14. f3 Nd6 15. Qd2 h6 16. Nc5 Rb8 17. b3 Bg6 18. f4 Bf6 19. fxg5 Bxg5 20. Bxg5 Bh7 21. Bxd8 Rbxd8 22. Qxh6 Nf5 23. Qg5+ Kh8 24. Qf6+ Ng7 25. Rf3 Rde8 26. Rh3 Rg8 27. Bd3 1-0


[Site "https://www.chess.com"]

[Event "Titled Tuesday Blitz February 22 Early 2022"]
[White "Goryachkina, Aleksandra"]
[Black "Dwilewicz, Katarzyna"]
[WhiteFideId "4147103"]
[BlackFideId "1148486"]
[WhiteElo "2426"]
[BlackElo "1907"]
[Result "0-1"]
[Round "01"]
[TimeControl "180+1"]
[Date "2022.02.22"]
[WhiteClock "0:00:01"]
[BlackClock "0:00:04"]

1. e4 c5 2. Nf3 e6 3. c3 d5 4. exd5 exd5 5. d4 Nc6 6. Bb5 Nf6 7. O-O Be7 8. dxc5 Bxc5 9. Bg5 Be6 10. Nbd2 O-O 11. Nb3 Bd6 12. h3 h6 13. Be3 Ne4 14. Nbd4 Bd7 15. Re1 Qf6 16. Bf1 a6 17. Nxc6 bxc6 18. c4 Bb4 19. Bd4 Qf4 20. Be5 Qf5 21. Re3 Bc5 22. Bd4 Bxd4 23. Qxd4 Be6 24. cxd5 cxd5 25. Rd1 Rab8 26. Bd3 Rfc8 27. b3 Rc6 28. Bxe4 dxe4 29. Qxe4 Qxe4 30. Rxe4 Rc2 31. Rd2 Rbc8 32. Ree2 Rc1+ 33. Kh2 g6 34. Nd4 Bd7 35. Rc2 R1xc2 36. Rxc2 Rxc2 37. Nxc2 Kf8 38. Kg3 Ke7 39. Kf4 Kd6 40. Ke3 Bf5 41. Nd4 Bb1 42. a3 Kd5 43. Ne2 Bc2 44. Nc3+ Kc5 45. b4+ Kc4 46. Kd2 Bf5 47. Ne2 Bc8 48. Kc2 Bf5+ 49. Kb2 Bd3 50. Nc3 Bf1 51. g3 Bxh3 52. Ne4 Be6 53. Nd6+ Kd5 54. Nb7 h5 55. Kc3 g5 56. Kd3 h4 57. gxh4 gxh4 58. Ke3 h3 59. Kf3 Kc4 60. Nd6+ Kb3 61. Kg3 Kxa3 62. f4 Kxb4 63. f5 Bd7 64. Nxf7 Bxf5 65. Nd6 Be6 66. Ne8 a5 67. Nc7 Bd7 68. Nd5+ Kc5 69. Nf6 Be6 70. Ne4+ Kb4 0-1


[Site "https://www.chess.com"]

[Event "Titled Tuesday Blitz February 22 Early 2022"]
[White "Grigoriants, Sergey"]
[Black "Eynullayev, Altay"]
[WhiteFideId "4130804"]
[BlackFideId "13413562"]
[WhiteElo "2502"]
[BlackElo "2079"]
[Result "0-1"]
[Round "01"]
[TimeControl "180+1"]
[Date "2022.02.22"]
[WhiteClock "0:01:23"]
[BlackClock "0:00:52"]

1. e4 c5 2. Nf3 e6 3. d4 cxd4 4. Nxd4 Nc6 5. Nc3 a6 6. g4 d6 7. Be3 Nf6 8. g5 Nd7 9. h4 Nxd4 10. Qxd4 b5 11. O-O-O Bb7 12. a3 Rc8 13. Rh3 Ne5 14. f4 Nc4 15. Bg1 Qa5 16. Kb1 Qc7 17. h5 e5 18. Qf2 Be7 19. g6 hxg6 20. hxg6 Rxh3 21. Bxh3 Nxb2 22. gxf7+ Kf8 23. Bxc8 Nxd1 24. Nxd1 Qxc8 25. Qh2 Qc4 26. fxe5 Bxe4 27. exd6 Qb3+ 28. Nb2 Bf6 0-1


[Site "https://www.chess.com"]

[Event "Titled Tuesday Blitz February 22 Early 2022"]
[White "Gulevich, Artem"]
[Black "Neiksans, Arturs"]
[WhiteFideId "24119580"]
[BlackFideId "11601388"]
[WhiteElo "2218"]
[BlackElo "2447"]
[Result "0-1"]
[Round "01"]
[TimeControl "180+1"]
[Date "2022.02.22"]
[WhiteClock "0:01:08"]
[BlackClock "0:01:48"]

1. Nf3 Nf6 2. b3 c5 3. Bb2 Nc6 4. e3 g6 5. Be2 Bg7 6. O-O O-O 7. d4 cxd4 8. Nxd4 d5 9. Nd2 Nxd4 10. Bxd4 Qc7 11. c4 e5 12. Bb2 d4 13. exd4 exd4 14. Bxd4 Rd8 15. Nf3 Ng4 16. h3 Bxd4 17. hxg4 Bxf2+ 18. Rxf2 Rxd1+ 19. Rxd1 Bxg4 20. Nd4 Bxe2 21. Nxe2 Rd8 22. Rdf1 Qe5 23. Nf4 Rd4 24. Nd5 f5 25. Rf3 Re4 26. Rd3 Kg7 0-1


[Site "https://www.chess.com"]

[Event "Titled Tuesday Blitz February 22 Early 2022"]
[White "Gunina, Valentina"]
[Black "Unat, Can Haktan"]
[WhiteFideId "4167570"]
[BlackFideId "6398073"]
[WhiteElo "2465"]
[BlackElo "1980"]
[Result "0-1"]
[Round "01"]
[TimeControl "180+1"]
[Date "2022.02.22"]
[WhiteClock "0:00:20"]
[BlackClock "0:00:29"]

1. d4 Nf6 2. c4 e6 3. Nf3 d5 4. Nc3 Bb4 5. Qa4+ Nc6 6. a3 Be7 7. Bg5 h6 8. Bh4 O-O 9. e3 Ne4 10. Bxe7 Nxc3 11. bxc3 Nxe7 12. Be2 Bd7 13. Qc2 c5 14. cxd5 Nxd5 15. O-O Rc8 16. c4 cxd4 17. Nxd4 Nb6 18. Qb3 Rc5 19. Rfc1 Qc7 20. Qb4 Rc8 21. Nb3 Rg5 22. c5 Nd5 23. Qd4 Bc6 24. Bf1 Rd8 25. Rd1 Rd7 26. Qb2 Rh5 27. h3 Rg5 28. Rd2 Nf6 29. Rxd7 Qxd7 30. f4 Rg3 31. Re1 Qd5 32. Nd4 Qxc5 33. Rc1 Qd5 34. Nxc6 bxc6 35. Qb8+ Kh7 36. Qxa7 Qd2 37. Rxc6 Ne4 38. Qd4 Qf2+ 39. Kh2 Rxh3+ 0-1


[Site "https://www.chess.com"]

[Event "Titled Tuesday Blitz February 22 Early 2022"]
[White "Hess, Robert"]
[Black "Zlatin, Alexander"]
[WhiteFideId "2022036"]
[BlackFideId "2810549"]
[WhiteElo "2557"]
[BlackElo "2228"]
[Result "0-1"]
[Round "01"]
[TimeControl "180+1"]
[Date "2022.02.22"]
[WhiteClock "0:00:07"]
[BlackClock "0:00:54"]

1. b3 d5 2. Bb2 e6 3. e3 Nf6 4. d3 Be7 5. Nd2 O-O 6. h3 c5 7. Ne2 Nc6 8. g4 e5 9. Bg2 Be6 10. Ng3 Qd7 11. Nf3 Bd6 12. Ng5 h6 13. Nxe6 fxe6 14. e4 d4 15. Qe2 Nh7 16. O-O-O Qf7 17. Rdf1 a5 18. h4 a4 19. g5 axb3 20. axb3 Ra2 21. Kb1 Rfa8 22. Qg4 Qc7 23. gxh6 g5 24. Qxe6+ Kh8 25. Kc1 Qa5 26. Qxd6 Rxb2 27. Kd1 Qc3 28. Ke2 g4 0-1


[Site "https://www.chess.com"]

[Event "Titled Tuesday Blitz February 22 Early 2022"]
[White "Ianov, Viktor"]
[Black "Murthy, Pappu"]
[WhiteFideId "14102730"]
[BlackFideId "2013401"]
[WhiteElo "2215"]
[BlackElo "1912"]
[Result "1-0"]
[Round "01"]
[TimeControl "180+1"]
[Date "2022.02.22"]
[WhiteClock "0:01:53"]
[BlackClock "0:00:41"]

1. Nf3 c5 2. g3 g6 3. Bg2 Bg7 4. c4 Nc6 5. Nc3 e5 6. O-O Nge7 7. Ne1 O-O 8. Nc2 d6 9. Ne3 Be6 10. Ned5 Rc8 11. d3 a6 12. Bg5 f6 13. Bd2 Qd7 14. a3 Rb8 15. Rb1 b5 16. b4 bxc4 17. dxc4 cxb4 18. axb4 Nd4 19. Nxe7+ Qxe7 20. Nd5 Qd7 21. e3 Nf5 22. Qe2 Ne7 23. e4 Nxd5 24. exd5 Bf7 25. Rfd1 Qa4 26. Bc3 Rfc8 27. Bf1 f5 28. Qb2 Bf8 29. Ra1 Qd7 30. Rxa6 Ra8 31. b5 Rxa6 32. bxa6 Ra8 33. Ra1 Qa7 34. Qb7 Be7 35. Bd2 Qxb7 36. axb7 Rxa1 37. b8=Q+ Kg7 38. Qc7 Bf8 39. Bg5 h6 40. Be7 g5 41. Qxd6 Bxe7 1-0


[Site "https://www.chess.com"]

[Event "Titled Tuesday Blitz February 22 Early 2022"]
[White "Ibrahimli, Murad"]
[Black "Loy, Konstantin"]
[WhiteFideId "13410229"]
[BlackFideId "14122499"]
[WhiteElo "2109"]
[BlackElo "2084"]
[Result "1-0"]
[Round "01"]
[TimeControl "180+1"]
[Date "2022.02.22"]
[WhiteClock "0:00:28"]
[BlackClock "0:00:01"]

1. e4 c5 2. Nf3 d6 3. d4 cxd4 4. Qxd4 Nc6 5. Bb5 Bd7 6. Bxc6 Bxc6 7. Nc3 h6 8. Be3 e5 9. Qd3 Nf6 10. O-O-O Be7 11. Rhg1 Qa5 12. Nd2 Rd8 13. Nb3 Qc7 14. f4 d5 15. fxe5 Nxe4 16. Bd4 O-O 17. Kb1 Bb4 18. Ne2 a6 19. Nf4 Bb5 20. Qf3 Ng5 21. Qg3 Ne6 22. c3 Be7 23. Rde1 Ba4 24. Nh5 Bxb3 25. axb3 Kh8 26. Rgf1 Rc8 27. Qg4 Bc5 28. Rd1 Bxd4 29. Rxd4 g6 30. Nf6 Qxe5 31. Rxd5 Qe2 32. Qxe2 1-0


[Site "https://www.chess.com"]

[Event "Titled Tuesday Blitz February 22 Early 2022"]
[White "Indjic, Aleksandar"]
[Black "Piesik, Piotr"]
[WhiteFideId "911925"]
[BlackFideId "1136194"]
[WhiteElo "2616"]
[BlackElo "2232"]
[Result "1-0"]
[Round "01"]
[TimeControl "180+1"]
[Date "2022.02.22"]
[WhiteClock "0:00:22"]
[BlackClock "0:00:02"]

1. e4 e6 2. Qe2 c5 3. g3 Nc6 4. Bg2 g6 5. f4 Bg7 6. c3 d6 7. Nf3 Nge7 8. O-O O-O 9. d3 Rb8 10. a4 a6 11. Be3 b5 12. d4 cxd4 13. cxd4 d5 14. e5 Nf5 15. Bf2 bxa4 16. g4 Nfe7 17. Nc3 Na5 18. Nxa4 Bd7 19. Nc3 Nc4 20. Ra2 Bb5 21. Nxb5 Rxb5 22. Ne1 Nc6 23. f5 Qb6 24. f6 Bh6 25. Nf3 Bf4 26. Rb1 Rb8 27. Bf1 Rb3 28. Rba1 a5 29. Rb1 Nb4 30. Raa1 Nd3 31. Kh1 Ndxb2 32. Bg1 a4 33. Qf2 Be3 34. Qh4 Qd8 35. Bxe3 Nxe3 36. Ng5 h5 37. gxh5 Nf5 38. Qf4 gxh5 39. Be2 Nd3 40. Bxd3 Rxd3 41. Rg1 Kf8 42. Nh7+ Ke8 43. Rg8+ Kd7 44. Rxd8+ Rxd8 45. Ng5 Rxd4 46. Qf2 Ke8 47. Rg1 a3 48. Qc2 Rc4 49. Qb3 Rg4 50. Qxa3 Rxg1+ 51. Kxg1 d4 52. Qd3 Rd5 53. Nf3 Kd7 54. Kf2 Kc6 55. Qc4+ Rc5 56. Nxd4+ Kb6 57. Qb4+ 1-0


[Site "https://www.chess.com"]

[Event "Titled Tuesday Blitz February 22 Early 2022"]
[White "Ivanisevic, Ivan"]
[Black "Zemerov, Vladimir"]
[WhiteFideId "912417"]
[BlackFideId "4111583"]
[WhiteElo "2495"]
[BlackElo "2277"]
[Result "1-0"]
[Round "01"]
[TimeControl "180+1"]
[Date "2022.02.22"]
[WhiteClock "0:02:16"]
[BlackClock "0:02:14"]

1. d4 d5 2. c4 e6 3. Nf3 Nf6 4. g3 c6 5. Bg2 Be7 6. O-O O-O 7. Nfd2 b5 8. c5 a6 9. Nc3 Nbd7 10. e4 dxe4 11. Ndxe4 Nxe4 12. Nxe4 Nf6 13. Bf4 Nd5 14. Bd6 Bd7 15. Re1 Re8 16. Qd2 Bf6 17. h4 Ne7 18. Nxf6+ gxf6 19. g4 Nc8 20. Bg3 Qe7 21. Qh6 Kh8 22. Be4 f5 23. Be5+ 1-0


[Site "https://www.chess.com"]

[Event "Titled Tuesday Blitz February 22 Early 2022"]
[White "Jeet, Jain"]
[Black "Dubov, Daniil"]
[WhiteFideId "5073022"]
[BlackFideId "24126055"]
[WhiteElo "2085"]
[BlackElo "2791"]
[Result "0-1"]
[Round "01"]
[TimeControl "180+1"]
[Date "2022.02.22"]
[WhiteClock "0:02:13"]
[BlackClock "0:02:37"]

1. e4 c5 2. Nf3 d6 3. Bb5+ Nc6 4. Bxc6+ bxc6 5. O-O e5 6. c3 f5 7. exf5 Bxf5 8. d4 e4 9. Re1 Be7 10. Nfd2 Nf6 11. dxc5 O-O 12. Nf1 d5 13. Bf4 Bxc5 14. Bg3 Ng4 15. Ne3 Nxe3 16. fxe3 Qg5 17. Bf4 Qxf4 0-1


[Site "https://www.chess.com"]

[Event "Titled Tuesday Blitz February 22 Early 2022"]
[White "Jodorcovsky Werjivker, Paulo"]
[Black "Murzin, Volodar"]
[WhiteFideId "3700305"]
[BlackFideId "44155573"]
[WhiteElo "2075"]
[BlackElo "2585"]
[Result "0-1"]
[Round "01"]
[TimeControl "180+1"]
[Date "2022.02.22"]
[WhiteClock "0:00:02"]
[BlackClock "0:00:27"]

1. d4 Nf6 2. c4 g6 3. Nc3 Bg7 4. e4 O-O 5. Be2 d6 6. Nf3 e5 7. d5 Na6 8. Nd2 c6 9. O-O Bd7 10. a3 Rc8 11. Nb3 h5 12. Be3 b6 13. Bg5 Nc5 14. Nxc5 bxc5 15. dxc6 Bxc6 16. Qd2 Qc7 17. Nb5 Bxb5 18. cxb5 Nxe4 19. Qe3 d5 20. Bf3 Nxg5 21. Qxg5 e4 22. Be2 Qd8 23. Qd2 Bd4 24. Rad1 Qf6 25. b4 Rfd8 26. bxc5 Bxc5 27. Qa2 d4 28. Bc4 d3 29. Kh1 Rd4 30. f3 e3 31. Rxd3 e2 32. Re1 Rxd3 33. Bxd3 Bf2 34. Qxe2 Bxe1 35. Qxe1 Qc3 36. Qxc3 Rxc3 37. Bf1 Rxa3 38. Kg1 Kf8 39. Kf2 Ke7 40. Kg3 g5 41. Bc4 f6 42. h4 Ra4 43. Bd5 Rxh4 44. Bc6 Kd6 45. Be8 Rb4 0-1


[Site "https://www.chess.com"]